 Dungeon Crawl Stone Soup version 0.21-a0-221-gfe971b9 (webtiles) character file.

504 Moloch the Poker (level 6, -1/47 HPs)
             Began as a Mummy Fighter on Aug 26, 2017.
             Was a Follower of Ru.
             Killed from afar by an orc wizard (7 damage)
             ... with a puff of flame
             ... on level 4 of the Dungeon.
             The game lasted 00:07:03 (3604 turns).

Moloch the Poker (Mummy Fighter)                    Turns: 3604, Time: 00:07:04

Health: -1/47      AC: 10    Str: 19    XL:     6   Next: 96%
Magic:  6/6        EV:  9    Int:  8    God:    Ru [*.....]
Gold:   156        SH:  0    Dex: 13    Spells: 5/5 levels left

rFire    x . .     SeeInvis .   l - +0 halberd
rCold    + + .     Gourm    .   (shield currently unavailable)
rNeg     + + +     Faith    .   g - +1 scale mail {rC+}
rPois    ∞         Spirit   .   r - +0 helmet
rElec    .         Reflect  .   (no cloak)
rCorr    .         Harm     .   q - +1 pair of gloves
MR       .....                  (no boots)
Stlth    ..........             (no amulet)
HPRegen  0.15/turn              i - ring of wizardry
MPRegen  0.10/turn              (no ring)

@: no status effects
A: no food or potions, fire vulnerability, cold resistance 1, negative energy
resistance 3, torment resistance, unbreathing, no conjurations magic, no hexes
magic, no ice magic
a: Renounce Religion


You were on level 4 of the Dungeon.
You worshipped Ru.
Ru was aware of your devotion.
You were not hungry.

You visited 1 branch of the dungeon, and saw 4 of its levels.

You collected 156 gold pieces.

Inventory:

Hand Weapons
 a - a +0 trident
 l - a +0 halberd (weapon)
 m - a +0 blowgun
Missiles
 h - 6 silver tomahawks (quivered)
 n - 57 poisoned needles
Armour
 c - a +0 shield
 g - a +1 scale mail of cold resistance (worn)
 q - a +1 pair of gloves (worn)
 r - a +0 helmet (worn)
Jewellery
 i - a ring of wizardry (left hand)
Scrolls
 b - a scroll of fog {unknown}
 d - a scroll of identify {unknown}
 e - a scroll of immolation {unknown}
 f - 2 scrolls of teleportation {unknown}
 j - a scroll of amnesia {unknown}
 k - a scroll of enchant weapon {unknown}
 o - a scroll of recharging {unknown}
 p - a scroll of enchant armour {unknown}
 s - a scroll of noise {unknown}


   Skills:
 - Level 3.0 Fighting
 + Level 6.2 Polearms
 - Level 2.4 Armour
 - Level 2.5 Shields


You had 5 spell levels left.
You didn't know any spells.

Dungeon Overview and Level Annotations

Branches:
Dungeon (4/15)
 Temple: D:4-7

Altars:
Kikubaaqudgha
Ru
Yredelemnul

Annotations:
D:3 Sigmund


Innate Abilities, Weirdness & Mutations

You do not eat or drink.
Your flesh is vulnerable to fire.
You are immune to poison.
Your flesh is cold resistant. (rC+)
You are immune to negative energy. (rN+++)
You are immune to unholy pain and torment.
You can survive without breathing.
You cannot study or cast Conjurations magic.
You cannot study or cast Hexes magic.
You cannot study or cast Ice magic.


Message History

* * * LOW HITPOINT WARNING * * *
The orc wizard barely misses you.
Unknown command.
Evoke which item? (* to show all) (? for menu, Esc to quit)
Okay, then.
You miss the orc wizard.
The orc wizard is almost dead.
Something completely misses you. The orc barely misses you.
The orc wizard begins to cast a spell, but is stunned by your will!
You redirect something's attack!
Something hits you but does no damage.
You closely miss the orc wizard.
The orc wizard is almost dead.
The orc wizard hits you but does no damage.
Something hits you.
* * * LOW HITPOINT WARNING * * *
The orc closely misses you.
The orc wizard gestures at you while chanting.
The puff of flame hits you! The fire burns you terribly!
You die...

........#....####
.............#
.#.#.........#
#..#......#
#.#..#..#.#.# ##
........#..... .#
###..#..###.## .#
####..# .# .##
####.@###.#### ..#
# #....o{o.....#
#.# #.#
#.#..###.....#
#.####.#.###....
....#
....)...........
....
##.###.#.#####.#
... #.# #........#
#. .. #.#
#........##########
# ..#
....###............
#.#


You could see an orc wizard and an orc.

Vanquished Creatures
  A phantom (D:4)
  2 orc wizards
  Natasha (thrice) (D:2)
  Terence (D:1)
  2 worker ants (D:4)
  Robin (D:4)
  3 adders
  6 gnolls
  A howler monkey skeleton (D:4)
  2 oozes
  A worm (D:3)
  5 dart slugs
  3 leopard geckos
  8 orcs
  A giant cockroach (D:1)
  17 goblins
  5 hobgoblins
  2 jackals (D:3)
  3 kobolds (D:3)
  2 quokkas
  3 ball pythons
  7 bats
  4 frilled lizards
  7 rats
90 creatures vanquished.

Notes
Turn   | Place    | Note
-------+----------+-------------------------------------------
     0 | D:1      | Moloch the Mummy Fighter began the quest for the Orb.
     0 | D:1      | Reached XP level 1. HP: 18/18 MP: 1/1
   264 | D:1      | Reached skill level 2 in Polearms
   275 | D:1      | Reached XP level 2. HP: 22/24 MP: 2/2
   851 | D:2      | Noticed Terence
   887 | D:1      | Killed Terence
   887 | D:1      | Reached skill level 3 in Polearms
   887 | D:1      | Reached XP level 3. HP: 21/29 MP: 3/3
   947 | D:2      | Reached XP level 4. HP: 25/35 MP: 4/4
  1068 | D:2      | Noticed Natasha
  1078 | D:2      | Killed Natasha
  1078 | D:2      | Reached skill level 4 in Polearms
  1079 | D:2      | Found a basalt altar of Yredelemnul.
  1266 | D:2      | Found a sacrificial altar of Ru.
  1276 | D:2      | Became a worshipper of Ru the Awakened
  1559 | D:2      | Noticed Natasha
  1570 | D:2      | Killed Natasha
  1570 | D:2      | Reached XP level 5. HP: 25/41 MP: 5/5
  1697 | D:2      | Noticed Natasha
  1705 | D:2      | Killed Natasha
  1787 | D:3      | Noticed Sigmund
  2100 | D:3      | Reached skill level 5 in Polearms
  2819 | D:3      | Reached XP level 6. HP: 34/47 MP: 6/6
  3074 | D:4      | Gained mutation: You cannot study or cast Ice magic. [Ru sacrifice]
  3074 | D:4      | Gained mutation: You cannot study or cast Hexes magic. [Ru sacrifice]
  3074 | D:4      | Gained mutation: You cannot study or cast Conjurations magic. [Ru sacrifice]
  3074 | D:4      | Reached * piety under Ru
  3206 | D:4      | Noticed Robin
  3215 | D:4      | Found an ancient bone altar of Kikubaaqudgha.
  3265 | D:4      | Killed Robin
  3294 | D:4      | Reached skill level 6 in Polearms
  3604 | D:4      | Killed from afar by an orc wizard

Vault maps used:
D:1:      minmay_arrival_up_and_down, serial_curves, eino_curves_02,
          eino_curves_02, minmay_crystal_room
D:2:      minitemple, first_bread, minmay_tromino_v4_b, uniq_natasha,
          uniq_terence
D:3:      minmay_surrounded, uniq_sigmund
D:4:      grunt_temple_overflow_open, lemuel_coloured_pillars_altar, uniq_ijyb,
          uniq_pikel, uniq_robin

Skill      XL: |  1  2  3  4  5  6 |
---------------+-------------------+-----
Polearms       | 2 3 4 5 6 |  6.2
Fighting       | |  3.0
Armour         | |  2.4
Shields        | |  2.5

Action                   |  1- 3 |  4- 6 || total
-------------------------+-------+-------++-------
Melee: Trident           |    77 |   122 ||   199
       Halberd           |       |   160 ||   160
 Fire: Blowgun           |       |     5 ||     5
Invok: Sacrifice Arcana  |       |     1 ||     1
 Stab: Distracted        |       |     1 ||     1
Armor: Scale mail        |    29 |   126 ||   155
Dodge: Dodged            |    17 |   122 ||   139
Block: Shield            |    28 |    54 ||    82

Table legend:
 A = Spawn XP
 B = Non-spawn XP
 C = Spawn XP percentage of total XP
 D = Spawn monster count
 E = Non-spawn monster count
 F = Spawn count percentage of total count
 G = Total turns spent on level
                    A         B        C        D         E        F      G
               +---------+---------+-------+---------+---------+-------+---------
         Total |      82 |     639 |  11.4 |      17 |      73 |  18.9 |  3604
               +---------+---------+-------+---------+---------+-------+---------
           D:1 |       2 |      59 |   3.3 |       2 |      11 |  15.4 |   899
           D:2 |       3 |     213 |   1.4 |       2 |      23 |   8.0 |  1133
           D:3 |      14 |     100 |  12.3 |       6 |      20 |  23.1 |   974
           D:4 |      63 |     267 |  19.1 |       7 |      19 |  26.9 |   598
               +---------+---------+-------+---------+---------+-------+---------
